 Dungeon Crawl Stone Soup version 0.29-a0-321-gf1c400731a (webtiles) character file.

Game seed: 1525497950094960469

16 snetch the Magician (level 2, -6/21 HPs)
             Began as a Djinni Fire Elementalist on Apr 4, 2022.
             Was a Believer of Lugonu.
             Killed from afar by Natasha (8 damage)
             ... with a magic dart
             ... on level 1 of the Dungeon.
             The game lasted 00:02:32 (850 turns).

snetch the Magician (Djinni Fire Elementalist)       Turns: 850, Time: 00:02:32

Health: -6/21      AC:  2    Str:  7    XL:     2   Next: 70%
Gold:   60         EV: 16    Int: 16    God:    Lugonu [**....] SH:  0 Dex: 13

rFire   + + +      SeeInvis .   (no weapon)
rCold   . . .      Faith    .   (no shield)
rNeg    . . .      Spirit   .   a - +0 robe
rPois   ∞          Reflect  .   (no helmet)
rElec   .          Harm     .   b - scarf {rC+ rF+}
rCorr   .          Rampage  .   (no gloves)
Will    .....                   (boots unavailable)
Stlth   ++........              (no amulet)
HPRegen 0.07/turn               e - +4 ring of evasion
MPRegen 0.00/turn               (no ring)

@: flying, very slightly contaminated, slowed, very slow
A: sickness immunity, fire resistance 2, cold vulnerability 1, float, innate
caster, HP casting, extra vitality 1
a: Renounce Religion, Depart the Abyss, Bend Space


You were on level 1 of the Dungeon.
You worshipped Lugonu.
Lugonu was pleased with you.
You visited 1 branch of the dungeon, and saw 3 of its levels.

You collected 60 gold pieces.

Inventory:

Missiles
 d - 30 stones
 j - 2 curare-tipped darts
Armour
 a - a +0 robe (worn)
 b - a scarf of resistance (worn)
 h - a +0 chain mail
Jewellery
 e - a +4 ring of evasion (left hand)
Wands
 f - a wand of flame (20)
Scrolls
 c - 3 scrolls of teleportation {unknown}
Potions
 g - a potion of flight {unknown}
 i - a potion of lignification {unknown}


   Skills:
 + Level 2.3 Dodging
 + Level 1.7 Stealth
 + Level 2.9 Spellcasting


You couldn't memorise any spells.
You knew the following spells:

 Your Spells              Type           Power      Damage    Failure   Level
a - Foxfire               Conj/Fire      44%        2x1d6     5%          1
b - Scorch                Fire           22%        2d6       9%          2
c - Conjure Flame         Conj/Fire      11%        6-21      17%         3
d - Inner Flame           Hex/Fire       11%        N/A       17%         3
e - Flame Wave            Conj/Fire      11%        2d5       50%         4
Your spell library was empty.

Dungeon Overview and Level Annotations

Branches:
Dungeon (3/15)

Altars:
Lugonu

Annotations:
D:1 Natasha


Innate Abilities, Weirdness & Mutations

You are immune to sickness and miasma.
You are immune to poison.
Your flesh is very heat resistant. (rF++)
You are vulnerable to cold. (rC-)
You float through the air rather than walking.
You learn spells naturally, not from books.
Your magical power is your life essence.
You have superior vitality. (+4 MHP)


Message History

The foxfire hits the worm.
The worm is lightly wounded.
The adder misses you. Natasha barely misses you. The adder closely misses you.
Natasha casts a spell at you. The magic dart hits you.
* * * LOW HITPOINT WARNING * * *
The foxfire hits Natasha.
Natasha is almost dead.
The foxfire hits Natasha but does no damage.
Natasha is almost dead.
The adder bites you.
* * * LOW HITPOINT WARNING * * *
Natasha closely misses you. The adder closely misses you.
You fly upwards.
There is a stone staircase leading down here.
Things that are here:
a +0 club; a goblin skeleton You are too injured to fight recklessly!
The adder attacks as you move away! The adder completely misses you.
Natasha misses you. The adder completely misses you.
Natasha attacks as you move away! Natasha closely misses you.
The adder misses you. The adder completely misses you.
Natasha attacks as you move away! Natasha barely misses you.
Natasha closely misses you.
Casting: Foxfire (safe; 5% risk of failure)
Confirm with . or Enter, or press ? or * to list all spells.
You miscast Scorch.
You are very lightly contaminated with residual magic.
Nothing appears to happen.
* * * LOW HITPOINT WARNING * * *
Natasha mumbles some strange words.
Natasha misses you. The adder barely misses you.
Natasha attacks as you move away! Natasha closely misses you.
Natasha casts a spell.
The adder completely misses you. The adder misses you.
Natasha stares at you and mumbles some strange words.
The magic dart hits you!
You die...

#........>............#.
####.##..##..............#.
.....#8..8#..............#.
........>..................
...........................
....#8..8#.5..............
... ##.÷##5.......)##.....
.......##.Sh........#......
....... #.@.........#......
.......##...###............
#.###.......###.........#†#
# .......................#
..........÷.............
....##......###..##.....
............# ....###...
............# ##......#
.............. ....####


You could see Natasha, a crimson imp (summoned), an adder and a white imp
(summoned).

Vanquished Creatures
  A giant cockroach (D:3)
  2 hobgoblins
  2 kobolds (D:1)
  2 quokkas
  3 bats
  3 goblins (D:1)
  A rat (D:1)
14 creatures vanquished.

Vanquished Creatures (others)
  45 foxfires
45 creatures vanquished.

Grand Total: 59 creatures vanquished

Notes
Turn   | Place    | Note
-------+----------+-------------------------------------------
     0 | D:1      | snetch the Djinni Fire Elementalist began the quest for the
                  | Orb.
     0 | D:1      | Reached XP level 1. HP: 15/15 MP: 0/0
   263 | D:1      | Found a faded altar of an unknown god.
   269 | D:1      | Prayed at the altar of an unknown god.
   269 | D:1      | Became a worshipper of Lugonu the Unformed
   269 | D:1      | Reached * piety under Lugonu
   269 | D:1      | Reached ** piety under Lugonu
   289 | D:3      | Reached XP level 2. HP: 14/21 MP: 0/0
   560 | D:2      | Noticed Natasha
   848 | D:1      | Noticed a crimson imp
   850 | D:1      | Killed from afar by Natasha

Illustrated notes

Levels and vault maps discovered:
D:1:      minmay_arrival_cross, layout_basic, basic_ecumenical_altar,
          dreamdust_wishing_well, st_stairs_6, hangedman_abyss_or_decor_stabs,
          hangedman_decor_slide_cut
D:2:      minmay_wonky_spiral, layout_basic, uniq_natasha
D:3:      layout_basic, grunt_qazlal_sundering, serial_shops,
          nicolae_lakefront_shop, shop

Action                   || total
-------------------------++-------
Melee: Unarmed           ||     5
 Cast: Foxfire           ||    27
Dodge: Dodged            ||    26

Table legend: (Time is in decaauts)
 A = Elapsed time spent in this place.
 B = Non-inter-level travel time spent in this place.
 C = Inter-level travel time spent in this place.
 D = Time resting spent in this place.
 E = Time spent auto-exploring this place.
 F = Levels seen in this place.
 G = Mean time per level.
                   A        B        C        D        E       F      G
               +--------+--------+--------+--------+--------+-----+--------+
         Total |    859 |    853 |      6 |    249 |    368 |   3 |  286.3 |
       Dungeon |    859 |    853 |      6 |    249 |    368 |   3 |  286.3 |
               +--------+--------+--------+--------+--------+-----+--------+

Top non-repeatable levels by time:
     D:1: 778 daAuts
     D:2: 56 daAuts
     D:3: 24 daAuts
